 Dungeon Crawl Stone Soup version 0.18-a0-1109-gfc003ac (webtiles) character file.

5594 root the Arsonist (level 10, -8/72 HPs)
             Began as a Red Draconian Fire Elementalist on Jan 16, 2016.
             Was a Believer of Vehumet.
             Killed from afar by a wolf (16 damage)
             ... with an exploding inner flame
             ... hexed by the player character
             ... on level 1 of the Lair of Beasts.
             The game lasted 01:02:55 (7711 turns).

root the Arsonist (Red Draconian Fire Elementalist) Turns: 7711, Time: 01:02:57

Health: -8/72      AC:  9    Str: 10    XL:     10   Next: 45%
Magic:  6/19       EV: 13    Int: 22    God:    Vehumet [**....]
Gold:   422        SH:  0    Dex: 12    Spells: 4 memorised, 8 levels left

rFire  + . .     SeeInvis .     t - staff of energy
rCold  + . .     Gourm    .     (armour unavailable)
rNeg   . . .     Faith    .     (no shield)
rPois  .         Spirit   .     (helmet restricted)
rElec  .         Dismiss  .     n - +0 cloak
rCorr  .         Reflect  .     o - +0 pair of gloves
SustAt .         Harm     .     (no boots)
MR     .....                    w - amulet of magic regeneration
Stlth  ++........               Q - +3 ring of intelligence
                                S - ring of protection from cold

@: not resistant to hostile enchantments, unstealthy
A: breathe fire, unfitting armour, fire resistance 1, cold-blooded, AC +7
a: Breathe Fire, Renounce Religion


You were on level 1 of the Lair of Beasts.
You worshipped Vehumet.
Vehumet was pleased with you.
You were not hungry.

You visited 3 branches of the dungeon, and saw 12 of its levels.
You also visited: Bailey.

You collected 422 gold pieces.

Inventory:

Hand Weapons
 k - a +2 spear of flaming
Missiles
 W - a throwing net (quivered)
Armour
 n - a +0 cloak (worn)
 o - a +0 pair of gloves (worn)
Magical Staves
 t - an uncursed staff of energy (weapon)
Jewellery
 w - an amulet of magic regeneration (around neck)
 I - an uncursed ring of see invisible
 Q - a +3 ring of intelligence (right hand)
 S - a ring of protection from cold (left hand)
 U - an uncursed ring of flight
 X - an uncursed ring of ice
Wands
 e - a wand of confusion (19/48)
 G - a wand of paralysis (13/24)
 N - a wand of digging (15/24)
 P - a wand of slowing (23/48)
Scrolls
 g - a scroll of magic mapping
 i - 3 scrolls of remove curse
 l - 6 scrolls of teleportation {unknown}
 p - 2 scrolls of immolation
 r - 2 scrolls of identify
 v - 3 scrolls of enchant weapon {unknown}
 y - a scroll of noise {unknown}
 D - a scroll of summoning {unknown}
 H - 2 scrolls of amnesia {unknown}
 K - 2 scrolls of recharging {unknown}
 R - 3 scrolls of enchant armour {unknown}
Potions
 c - 2 potions of lignification {unknown}
 d - 4 potions of heal wounds
 h - 5 potions of curing
 j - 2 potions of beneficial mutation {unknown}
 m - 2 potions of haste {unknown}
 q - 2 potions of resistance {unknown}
 s - 3 potions of cure mutation {unknown}
 x - 3 potions of magic {unknown}
 z - 2 potions of mutation {unknown}
 A - a potion of brilliance {unknown}
 B - a potion of cancellation {unknown}
 E - a potion of agility {unknown}
 M - a potion of might {unknown}
Books
 a - a book of Flames

   Spells                             Type                      Level
   a - Flame Tongue                   Conjuration/Fire             1
   b - Throw Flame                    Conjuration/Fire             2
   c - Conjure Flame                  Conjuration/Fire             3
   d - Inner Flame                    Hexes/Fire                   3
   e - Sticky Flame                   Conjuration/Fire             4
   f - Fireball                       Conjuration/Fire             5
 F - a book of Envenomations

   Spells                             Type                      Level
   a - Spider Form                    Transmutation/Poison         3
   b - Olgreb's Toxic Radiance        Poison                       4
   c - Alistair's Intoxication        Transmutation/Poison         5
   d - Poisonous Cloud                Conjuration/Poison/Air       6
 V - a book of Frost

   Spells                             Type                      Level
   a - Freeze                         Ice                          1
   b - Throw Frost                    Conjuration/Ice              2
   c - Ozocubu's Armour               Charms/Ice                   3
   d - Throw Icicle                   Conjuration/Ice              4
   e - Summon Ice Beast               Ice/Summoning                4
   f - Condensation Shield            Ice                          4
Miscellaneous
 f - a plain deck of changes
Comestibles
 b - 6 bread rations
 C - 4 fruits
 J - a meat ration
 L - 10 chunks of flesh
 T - a royal jelly


   Skills:
 + Level 1.4 Fighting
 + Level 0.4 Staves
 + Level 3.9 Dodging
 - Level 1.7 Stealth
 + Level 6.4 Spellcasting
 * Level 9.0 Conjurations
 * Level 11.0 Fire Magic
 * Level 4.8 Evocations


You had 8 spell levels left.
You knew the following spells:

 Your Spells              Type           Power        Failure   Level  Hunger
a - Flame Tongue          Conj/Fire      #####        1%          1    None
b - Conjure Flame         Conj/Fire      ######..     1%          3    None
c - Sticky Flame          Conj/Fire      ######..     1%          4    None
d - Fireball              Conj/Fire      ######....   4%          5    None


Dungeon Overview and Level Annotations

Branches:
Dungeon (9/15)             Temple (1/1) D:6            Lair (2/8) D:9
    Orc: D:9-12

Altars:
Ashenzari
Cheibriados
Dithmenos
Elyvilon
Fedhas
Gozag
Kikubaaqudgha
Nemelex Xobeh
Okawaru
Pakellas
Qazlal
Ru
Sif Muna
Trog
Vehumet
Xom
Yredelemnul
Zin
The Shining One

Annotations:
D:4 Sigmund


Innate Abilities, Weirdness & Mutations

You can breathe blasts of fire.
Your fiery red scales are hard (AC +7).
Your body does not fit into most forms of armour.
Your flesh is heat resistant.
You are cold-blooded and may be slowed by cold attacks.


Message History

Identify which item? (\ to view known items) (? for menu, Esc to quit)
d - 4 potions of heal wounds The water moccasin burns!
The water moccasin explodes!
The fiery explosion engulfs the wolf.
The wolf explodes!
The fiery explosion engulfs the wolf.
The wolf explodes!
The fiery explosion engulfs you! You resist.
The fiery explosion engulfs the wolf.
The wolf explodes!
The fiery explosion engulfs the wolf.
The wolf explodes!
The fiery explosion engulfs you! You resist.
* * * LOW HITPOINT WARNING * * *
Vehumet accepts your kill.
You feel your power returning.
Your Conjurations skill increases to level 9!
The fiery explosion engulfs you! You resist.
You die...

.............
...(........
#...........
#...........
#...........
#.§§§§......
#§§§§§......
#§§§@§......
.#####§§####P###.
......§FP#
......h.## # .
####.....#####P#..
##.............
#....hh.......
#.....>.......
#.......>...$.


There were no monsters in sight!

Vanquished Creatures
  A hydra (Lair:1)
  Grinder (D:5)
  A shadow (D:8)
  A spriggan (D:7)
  A hippogriff (D:9)
  2 humans (D:9)
  A wolf (Lair:1)
  3 orc warriors
  An ice beast (D:7)
  A sky beast (D:6)
  4 black bears
  A phantom (D:5)
  3 ogres
  2 crocodiles
  6 centaurs
  A big kobold (D:9)
  5 giant frogs
  2 gnoll sergeants (Bailey)
  A wyvern zombie (D:9)
  11 wights
  6 jellies
  A wasp zombie (D:9)
  4 hounds
  2 centaur skeletons
  2 orc priests (D:9)
  2 giant frog skeletons
  3 orc wizards
  3 iguanas
  A worker ant (D:7)
  2 hound skeletons
  14 gnolls
  7 adders
  A shadow imp (D:8)
  An ooze (D:5)
  A worm (D:2)
  3 giant geckos
  17 orcs
  2 giant cockroaches
  8 goblins
  3 hobgoblins
  10 jackals
  9 kobolds
  A bat (D:3)
  2 giant newts
  3 rats
157 creatures vanquished.

Vanquished Creatures (others)
  An orc wizard (D:6)
  4 fungi (D:6)
5 creatures vanquished.

Grand Total: 162 creatures vanquished

Notes
Turn   | Place    | Note
--------------------------------------------------------------
     0 | D:1      | root the Draconian Fire Elementalist began the quest for the Orb.
     0 | D:1      | Reached XP level 1. HP: 14/14 MP: 3/3
    91 | D:1      | Found a sparkling altar of Nemelex Xobeh.
   168 | D:2      | Reached XP level 2. HP: 20/20 MP: 3/5
   482 | D:3      | Reached XP level 3. HP: 26/26 MP: 3/6
   504 | D:3      | Learned a level 3 spell: Conjure Flame
   593 | D:2      | Reached skill level 4 in Fire Magic
   676 | D:5      | Entered Level 5 of the Dungeon
   691 | D:5      | Noticed a phantom
   727 | D:4      | Noticed Sigmund
  1115 | D:5      | Noticed Grinder
  1375 | D:5      | Found a shadowy altar of Dithmenos.
  1548 | D:6      | Noticed a sky beast
  1556 | D:6      | Killed a sky beast
  1556 | D:6      | Reached XP level 4. HP: 33/33 MP: 0/7
  1556 | D:6      | Reached XP level 5. HP: 38/38 MP: 0/8
  1763 | D:6      | Noticed a centaur
  1773 | D:6      | Killed a centaur
  1773 | D:6      | Reached skill level 5 in Fire Magic
  1773 | D:6      | Reached XP level 6. HP: 12/46 MP: 1/10
  2319 | D:5      | Reached skill level 6 in Fire Magic
  2319 | D:5      | Reached XP level 7. HP: 47/51 MP: 1/11
  2319 | D:5      | Your scales start taking on a fiery red colour.
  2319 | D:5      | Gained mutation: Your flesh is heat resistant. [Red Draconian growth]
  2403 | D:5      | Reached skill level 1 in Evocations
  2561 | D:5      | Paralysed by Grinder for 4 turns
  2593 | D:5      | Killed Grinder
  2593 | D:5      | Reached skill level 1 in Fighting
  2593 | D:5      | Reached skill level 7 in Fire Magic
  2599 | D:5      | Learned a level 4 spell: Sticky Flame
  2942 | D:5      | Reached skill level 5 in Conjurations
  3137 | D:6      | Found a stormy altar of Qazlal.
  3163 | D:6      | Reached XP level 8. HP: 59/59 MP: 9/13
  3283 | D:6      | Found a sparkling altar of Nemelex Xobeh.
  3288 | D:6      | Found a basalt altar of Yredelemnul.
  4023 | D:6      | Reached skill level 8 in Fire Magic
  4247 | D:6      | Found a staircase to the Ecumenical Temple.
  4335 | Temple   | Entered the Ecumenical Temple
  4478 | Temple   | Became a worshipper of Vehumet
  4832 | D:7      | Found a flagged portal.
  4883 | Bailey   | Entered a bailey
  5092 | Bailey   | Reached skill level 9 in Fire Magic
  5393 | D:7      | Reached XP level 9. HP: 60/64 MP: 11/16
  5602 | D:7      | Found a bloodstained altar of Trog.
  5615 | D:7      | Reached skill level 5 in Spellcasting
  6137 | D:8      | Learned a level 5 spell: Fireball
  6161 | D:8      | Reached * piety under Vehumet
  6161 | D:8      | Offered knowledge of Sting by Vehumet.
  6693 | D:9      | Reached skill level 10 in Fire Magic
  6894 | D:9      | Offered knowledge of Sandblast by Vehumet.
  6911 | D:9      | Reached ** piety under Vehumet
  6959 | D:9      | Found an iron altar of Okawaru.
  7007 | D:9      | Reached XP level 10. HP: 67/71 MP: 15/19
  7265 | D:9      | Found a shattered altar of Ashenzari.
  7332 | D:9      | Found a staircase to the Lair.
  7630 | Lair:1   | Entered Level 1 of the Lair of Beasts
  7684 | Lair:1   | You fall through a shaft!
  7684 | Lair:2   | Noticed a six-headed hydra
  7706 | Lair:1   | Killed a six-headed hydra
  7706 | Lair:1   | Reached skill level 11 in Fire Magic
  7711 | Lair:1   | Killed from afar by a wolf

Vault maps used:
D:1:      mrwooster_arrival_statue_2, nemelex_deck
D:2:      makhleb_blood_cavern_becter, first_bread, minmay_item_behind_shaft,
          uniq_natasha
D:3:      st_stairs_6, minmay_ogre_servants
D:4:      kennysheep_the_goblin_king, kennysheep_decorative_pillar, uniq_sigmund
D:5:      grunt_dithmenos_smoke_and_mirrors, uniq_grinder
D:6:      grunt_temple_overflow_open, grunt_qazlal_clouds, serial_aquarium,
          aquarium_bridge_square, aquarium_window_3, aquarium_window_2,
          aquarium_view_2e, aquarium_balcony_3a
D:7:      trog_ov_bears_minmay, enter_bailey_3, the_bakery
D:9:      okawaru_humans, kennysheep_little_box
Temple:   hc_temple_tempest_star
Lair:2:   basic_altar, grunt_megastairs_5, uniq_sonja, uniq_gastronok
Bailey:   bailey_polearm_gnolls_kennysheep, bailey

Action                   |  1- 3 |  4- 6 |  7- 9 | 10-12 || total
-------------------------+-------+-------+-------+-------++-------
Melee: Mace              |     3 |       |       |       ||     3
       Spear             |    21 |       |       |       ||    21
       Staff             |       |       |    11 |     1 ||    12
 Cast: Flame Tongue      |    66 |    35 |   193 |    29 ||   323
       Conjure Flame     |     4 |     6 |    22 |     6 ||    38
       Sticky Flame      |       |       |    27 |     6 ||    33
       Fireball          |       |       |     5 |     7 ||    12
 Abil: Breathe Fire      |       |       |     1 |       ||     1
Evoke: Staff of energy   |     1 |     4 |     6 |       ||    11
  Use: Scroll            |       |       |     2 |     3 ||     5
       Potion            |       |       |       |     1 ||     1
  Eat: Chunk             |     1 |       |    10 |     2 ||    13
       Meat ration       |     1 |       |       |       ||     1
       Bread ration      |       |       |     1 |       ||     1
